 Dungeon Crawl Stone Soup version 0.26.1-2-gb8aa6d0cf2 (webtiles) character file.

Game seed: 8391114618891580840

114432 CryoSword the Sharpshooter (level 17, -2/142 HPs)
             Began as a Formicid Abyssal Knight on Feb 16, 2021.
             Was the Champion of Lugonu.
             Slain by a spriggan berserker
             ... wielding a +0 rapier
              (26 damage)
             ... on level 15 of the Dungeon.
             The game lasted 02:05:05 (35538 turns).

CryoSword the Sharpshooter (FoAK)                  Turns: 35538, Time: 02:05:06

Health: -2/142     AC: 14    Str: 22    XL:     17   Next: 20%
Magic:  18/24      EV: 19    Int: 16    God:    Lugonu [******]
Gold:   3740       SH: 21    Dex: 18    Spells: 16/16 levels left

rFire    . . .     SeeInvis +   a - +7 triple crossbow of Wu Jian's Castigation {elec, Int+4}
rCold    + . .     Faith    .   l - +1 tower shield {rC+}
rNeg     . . .     Spirit   .   o - +2 troll leather armour {Snorg}
rPois    +         Reflect  .   (helmet unavailable)
rElec    .         Harm     .   Q - +2 cloak {rPois}
rCorr    .         Rampage  .   (no gloves)
Will     +....                  K - +2 pair of boots {Stlth+}
Stlth    ++++++....             O - amulet of regeneration
HPRegen  1.13/turn              k - +4 ring of evasion
MPRegen  0.19/turn              J - +6 ring of dexterity

@: no status effects
A: permanent stasis, dig shafts and tunnels, four strong arms, antennae 3
a: Dig, Shaft Self, Renounce Religion, Depart the Abyss, Bend Space, Banish,
Corrupt, Enter the Abyss, Brand Weapon With Distortion


You were on level 15 of the Dungeon.
You worshipped Lugonu.
Lugonu was exalted by your worship.
You visited 4 branches of the dungeon, and saw 24 of its levels.
You visited the Abyss 2 times.
You also visited: Sewer, Bailey and Ice Cave.

You collected 4486 gold pieces.
You spent 746 gold pieces at shops.

Inventory:

Hand Weapons
 a - the +7 triple crossbow of Wu Jian's Castigation (weapon) {elec, Int+4}
   (You acquired it on level 12 of the Dungeon)

   It charges the ammunition it shoots with electricity; occasionally upon a
   hit, such missiles may discharge and cause terrible harm.
   It affects your intelligence (+4).
 b - a +4 morningstar of freezing
   (You took it off a wight on level 8 of the Dungeon)
 F - a +0 quarterstaff
   (You found it on level 1 of the Lair of Beasts)
Missiles
 c - 63 poisoned darts
 v - 71 boomerangs
 y - 97 bolts (quivered ammo)
 z - 8 atropa-tipped darts
 E - 5 throwing nets
Armour
 l - a +1 tower shield of cold resistance (worn)
   (You found it in an ice cave)
 o - a +2 troll leather armour (worn) {Snorg}
   (You found it on level 10 of the Dungeon)
 x - a +2 robe of willpower
   (You took it off Josephine on level 6 of the Lair of Beasts)
 K - a +2 pair of boots of stealth (worn)
   (You found it on level 8 of the Dungeon)
 Q - a +2 cloak of poison resistance (worn)
   (You took it off Maurice on level 11 of the Dungeon)
Jewellery
 e - the ring of Koaj Qaor {rPois rCorr Str+5 Int-3 Stlth-}
   (You found it on level 6 of the Lair of Beasts)

   [ring of resist corrosion]

   It affects your strength (+5).
   It affects your intelligence (-3).
   It protects you from poison.
   It provides partial protection from all sources of acid and corrosion.
   It makes you less stealthy.
 k - a +4 ring of evasion (left hand)
   (You found it on level 3 of the Dungeon)
 J - a +6 ring of dexterity (right hand)
   (You found it on level 8 of the Dungeon)
 O - an amulet of regeneration (around neck)
   (You found it on level 11 of the Dungeon)
Wands
 m - a wand of iceblast (13)
   (You found it on level 8 of the Dungeon)
 B - a wand of disintegration (15)
   (You took it off Sonja on level 5 of the Lair of Beasts)
 D - a wand of digging (8)
   (You found it on level 6 of the Dungeon)
 G - a wand of paralysis (4)
   (You found it on level 2 of the Lair of Beasts)
Scrolls
 g - 3 scrolls of identify {@r1}
 h - 13 scrolls of remove curse {@r2}
 q - 9 scrolls of fog
 r - 5 scrolls of magic mapping
 s - a scroll of amnesia
 w - 7 scrolls of immolation {!r}
 I - 2 scrolls of fear
 L - 2 scrolls of enchant weapon
 P - a scroll of summoning
Potions
 d - 3 potions of lignification {!q}
 f - 7 potions of mutation {!q}
 i - a potion of resistance
 j - 13 potions of curing {@q1}
 n - 2 potions of magic
 p - 3 potions of brilliance
 u - 8 potions of flight
 A - 4 potions of might
 M - 3 potions of attraction {!q}


   Skills:
 + Level 15.1 Fighting
 - Level 2.0 Axes
 * Level 6.1 Staves
 - Level 15.2 Crossbows
 - Level 8.0 Armour
 - Level 5.0 Dodging
 - Level 13.0 Stealth
 * Level 14.3 Shields
 - Level 10.3 Invocations


You had 16 spell levels left.
You didn't know any spells.
Your spell library contained the following spells:

 Spells                   Type           Power        Failure   Level
 Apportation              Tloc           0%           32%         1
 Magic Dart               Conj           0%           32%         1
 Sandblast                Erth           0%           32%         1
 Shock                    Conj/Air       0%           32%         1
 Call Imp                 Summ           0%           45%         2
 Corpse Rot               Necr/Air       N/A          45%         2
 Passwall                 Tmut/Erth      0%           45%         2
 Slow                     Hex            0%           45%         2
 Sublimation of Blood     Necr           0%           45%         2
 Conjure Flame            Conj/Fire      0%           69%         3
 Lesser Beckoning         Tloc           0%           69%         3
 Mephitic Cloud           Conj/Pois/Air  0%           69%         3
 Static Discharge         Conj/Air       0%           69%         3
 Stone Arrow              Conj/Erth      0%           69%         3
 Tukima's Dance           Hex            0%           69%         3
 Airstrike                Air            0%           97%         4
 Dispel Undead            Necr           0%           97%         4
 Petrify                  Tmut/Erth      0%           97%         4
 Summon Lightning Spire   Summ/Air       0%           97%         4
 Agony                    Necr           0%           100%        5
 Alistair's Intoxication  Tmut/Pois      0%           100%        5
 Excruciating Wounds      Necr           0%           100%        5
 Lee's Rapid Deconstruct  Erth           0%           100%        5
 Lightning Bolt           Conj/Air       0%           100%        5
 Silence                  Hex/Air        0%           100%        5
 Conjure Ball Lightning   Conj/Air       0%           100%        6
 Invisibility             Hex            0%           100%        6
 Tornado                  Air            0%           100%        9
 Blink                    Tloc           Unusable     N/A         2
 Swiftness                Air            Unusable     N/A         2

Dungeon Overview and Level Annotations

Branches:
Dungeon (15/15)            Temple (0/1) D:6            Lair (6/6) D:10
 Shoals (0/4) Lair:4       Spider (0/4) Lair:2        Slime (0/5) Lair:5
    Orc (2/2) D:12            Elf (1/3) Orc:2        Vaults (0/5) D:14
  Sewer (visited)          Bailey (visited)           IceCv (visited)
 Depths: D:15

Altars:
Dithmenos
Makhleb
Nemelex Xobeh
Qazlal
Ru
Wu Jian
The Shining One
Beogh
Jiyva

Shops:
Orc:2 :*([

Annotations:
D:15 3 runed translucent doors, Uvinaotu's ghost, journeyman MiFi


Innate Abilities, Weirdness & Mutations

You cannot be hasted, slowed, berserked, paralysed or teleported.
You can dig through walls and to a lower floor.
Your four strong arms can wield two-handed weapons with a shield.
You have a pair of large antennae on your head. (SInv)


Message History

No target in view!
y - 106 bolts (gained 1)
You see here a shapeshifter corpse.
y - 107 bolts (gained 1)
A meliai simulacrum comes into view.
A meliai simulacrum is nearby!
You shoot a bolt. The bolt hits the meliai simulacrum!!!
The meliai simulacrum vapourises!
Lugonu accepts your kill.
You hear a croak.
No target in view!
No target in view!
A bullfrog comes into view.
The bullfrog gives a loud, deep croak!
A bullfrog is nearby!
You shoot a bolt. The bolt hits the bullfrog!!!
Lightning courses through the bullfrog!
You kill the bullfrog!
Lugonu accepts your kill.
No target in view!
You now have 3724 gold pieces (gained 18).
y - 106 bolts (gained 1)
You see here a bullfrog corpse.
y - 107 bolts (gained 1)
h - 13 scrolls of remove curse {@r2} (gained 1)
Found a stone staircase leading up.
A bullfrog comes into view.
You shoot a bolt. The bolt hits the bullfrog!!
Lightning courses through the bullfrog!
You kill the bullfrog!
Lugonu accepts your kill.
No target in view!
You sense a monster nearby.
You now have 3740 gold pieces (gained 16).
You sense a monster nearby.
y - 107 bolts (gained 1)
You see here a bullfrog corpse.
You see here a bullfrog corpse.
You sense a monster nearby.
A spriggan berserker comes into view. It is wielding a +0 flail.
A spriggan berserker is nearby!
You shoot a bolt. The bolt hits the spriggan berserker!!!
Lightning courses through the spriggan berserker!
The spriggan berserker shouts!
You hear a shout! x3
A spriggan berserker comes into view. It is wielding a +1 antimagic hand axe.
You shoot a bolt. The bolt hits the spriggan berserker!
You kill the spriggan berserker!
Lugonu accepts your kill.
A spriggan berserker comes into view. It is wielding a +0 rapier.
The spriggan berserker prays to Trog.
The spriggan berserker goes berserk!
The spriggan berserker utters an invocation to Trog.
You shoot a bolt.
The bolt hits the spriggan berserker but does no damage.
You hear a trumpeting!
The spriggan berserker hits you with a +1 antimagic hand axe!!
You feel your power leaking away.
The elephant rages.
A spriggan berserker comes into view. It is wielding a +0 hand axe.
You block the spriggan berserker's attack.
You shoot a bolt. The bolt hits the spriggan berserker!!
The spriggan berserker invokes Trog's protection!
You block the spriggan berserker's attack.
The spriggan berserker mumbles some strange prayers to Trog.
The elephant goes berserk!
The spriggan berserker hits you with a +1 antimagic hand axe!
You feel your power leaking away.
A troll comes into view.
Space bends around you!
You blink.
You have identified the last wand.
Found the +8 Wrath of Trog {antimagic, *Rage} and a wand of enslavement (5).
You block the elephant's attack.
The elephant trunk-slaps you but does no damage.
You block the spriggan berserker's attack.
You hear a trumpeting!
The elephant closely misses you. The elephant trunk-slaps you.
The spriggan berserker rages.
Fire: 103 bolts
Aim: a spriggan berserker, wielding a +1 antimagic hand axe and wearing a +0 animal skin (moderately wounded, berserk, 59% to hit)
You shoot a bolt. The bolt hits the elephant.
You block the elephant's attack. The elephant barely misses you.
The elephant tramples you!
You stumble backwards!
Fire: 102 bolts
Aim: a spriggan berserker, wielding a +1 antimagic hand axe and wearing a +0 animal skin (moderately wounded, berserk, 59% to hit)
You shoot a bolt. The bolt hits the elephant!!
The elephant misses you. You block the elephant's attack.
The spriggan berserker rages.
The spriggan berserker prays to Trog.
The spriggan berserker goes berserk!
The elephant completely misses you. You block the elephant's attack.
The elephant tramples you!!
You stumble backwards!
Found a dagger.
Fire: 101 bolts
Aim: a spriggan berserker, wielding a +1 antimagic hand axe and wearing a +0 animal skin (moderately wounded, berserk, 59% to hit)
You shoot a bolt. The bolt hits the elephant!!
Lightning courses through the elephant! The elephant tramples you.
You hold your ground!
The elephant trunk-slaps you.
* * * LOW HITPOINT WARNING * * *
The elephant misses you. You block the elephant's attack.
You block the elephant's attack. x2
Fire: 100 bolts
Aim: a spriggan berserker, wielding a +1 antimagic hand axe and wearing a +0 animal skin (moderately wounded, berserk, 59% to hit)
You shoot a bolt. The bolt hits the spriggan berserker!!!
You block the spriggan berserker's attack.
The spriggan berserker hits you with a +1 antimagic hand axe!
* * * LOW HITPOINT WARNING * * *
You feel your power leaking away. The elephant completely misses you.
You block the elephant's attack.
The spriggan berserker closely misses you.
You block the spriggan berserker's attack.
The elephant tramples you.
* * * LOW HITPOINT WARNING * * *
You stumble backwards!
Found 32 bolts and a scale mail.
Okay, then.
You extend your mandibles.
You dig through the rock wall.
You block the spriggan berserker's attack.
You block the elephant's attack. x2
Found a cloak.
You dig through the rock wall.
You block the spriggan berserker's attack.
Fire: 99 bolts
Aim: a spriggan berserker, wielding a +1 antimagic hand axe and wearing a +0 animal skin (severely wounded, berserk, 59% to hit)
You shoot a bolt. The bolt hits the spriggan berserker!!
You block the spriggan berserker's attack.
The spriggan berserker rages.
The spriggan berserker hits you with a +0 rapier!
* * * LOW HITPOINT WARNING * * *
Okay, then.
You are confused.
You feel invigorated.
The spriggan berserker hits you but does no damage.
You hear a trumpeting!
The spriggan berserker hits you with a +0 rapier!!
* * * LOW HITPOINT WARNING * * *
The floor, spattered with blood.
You feel better.
You feel less invigorated.
The spriggan berserker rages.
The spriggan berserker hits you with a +0 rapier!
* * * LOW HITPOINT WARNING * * *
Fire: 98 bolts
Aim: a spriggan berserker, wielding a +1 antimagic hand axe and wearing a +0 animal skin (severely wounded, berserk, 59% to hit)
You shoot a bolt. The bolt hits the spriggan berserker!!!
You block the spriggan berserker's attack.
The spriggan berserker hits you with a +0 rapier!!
You die...

...#................
......♣♣♣♣♣.(....###
.....♣♣ ♣♣(..i##
....♣♣ . ♣.(#(#
#..♣♣ .#i...#Y#
#..♣{ ......##(#
...♣ [).#(##{(# ...♣
..(...#{### ...♣
#....Y#@# ...
....♣.Tii## ## ..
♣...## ♣....#
.......# ......).
......... .........
..[....


You could see 2 spriggan berserkers and a troll.

Vanquished Creatures
  An orc warlord (Orc:2)
  A frost giant (IceCv)
  Azrael (Orc:2)
  Snorg (D:10)
  Harold (Lair:1)
  Josephine (Lair:6)
  3 centaur warriors
  10 hydras
  2 boulder beetles
  A catoblepas (D:13)
  7 two-headed ogres
  A thrashing horror (Abyss:1)
  10 death yaks
  A tengu warrior (D:11)
  An orc high priest (Abyss:1)
  A spriggan berserker (D:15)
  Sonja (Lair:5)
  The ghost of admiralandromeda the Zephyrmancer, a novice TeAE of Vehumet (D:8)
  A skeletal warrior (D:14)
  A wretched star (Abyss:1)
  The ghost of Gnirx the Geomancer, a novice GrEE of Vehumet (D:7)
  4 unseen horrors
  An orange crystal statue (D:10)
  A lindwurm (Lair:6)
  An oklob plant (Lair:1)
  4 orc knights
  2 orc sorcerers (Orc:2)
  16 ugly things
  4 cyclopes
  Maurice (D:11)
  A merfolk siren (Lair:4)
  5 elephants (Lair:3)
  2 black mambas
  An ice statue (IceCv)
  A torpor snail (Lair:4)
  2 gargoyles
  23 cane toads
  10 rime drakes
  8 komodo dragons
  A kobold demonologist (D:14)
  A freezing wraith (D:14)
  An efreet (D:11)
  5 yaktaurs (D:14)
  8 trolls
  18 polar bears
  6 slime creatures
  A hornet (shapeshifter) (D:15)
  2 tyrant leeches (Lair:6)
  38 blink frogs
  A hornet (D:9)
  2 vampires
  2 shadows
  8 wraiths
  6 wyverns
  6 vampire mosquitoes
  A fire elemental (Orc:2)
  52 yaks
  7 steam dragons
  Grum (D:8)
  2 wargs (Orc:2)
  A two-headed ogre zombie (D:12)
  18 water moccasins
  7 hell hounds (Orc:2)
  30 orc warriors
  A black bear (D:7)
  3 sky beasts
  A meliai simulacrum (D:15)
  20 ogres
  5 ice beasts
  4 phantoms
  15 centaurs
  24 wolves
  6 big kobolds
  41 bullfrogs
  A wyvern zombie (D:14)
  5 scorpions
  A troll zombie (D:12)
  2 wyvern skeletons
  17 wights
  3 electric eels (Lair:6)
  4 howler monkeys
  10 quasits
  2 centaur zombies
  3 bullfrog zombies
  4 jellies
  7 hounds
  20 orc priests
  23 orc wizards
  4 bullfrog skeletons
  7 centaur skeletons
  Terence (D:2)
  3 iguanas
  9 worker ants
  6 ogre zombies (D:12)
  A hound skeleton (D:9)
  A killer bee simulacrum (D:7)
  A howler monkey skeleton (D:4)
  4 gnolls (Bailey)
  14 adders
  4 river rats (Sewer)
  A shadow imp (D:5)
  2 white imps
  An ufetubus (D:6)
  An ooze (Sewer)
  5 adder skeletons
  6 worms
  3 dart slugs
  6 leopard geckos
  75 orcs
  14 ball pythons (Sewer)
  9 giant cockroaches
  2 goblins (D:1)
  16 hobgoblins
  13 jackals
  3 quokkas
  7 bats
  3 frilled lizards
  3 goblin skeletons (D:12)
  4 goblin zombies (D:12)
  2 hobgoblin zombies (D:12)
  44 kobolds
  2 orc skeletons (D:12)
  14 orc zombies (D:12)
  30 rats
903 creatures vanquished.

Vanquished Creatures (others)
  3 steam dragons (Lair:6)
  An orc warrior (Orc:2)
  An orc wizard (Orc:1)
  52 fungi
  135 plants
192 creatures vanquished.

Grand Total: 1095 creatures vanquished

Notes
Turn   | Place    | Note
-------+----------+-------------------------------------------
     0 | Abyss:1  | CryoSword the Formicid Abyssal Knight began the quest for
                  | the Orb.
     0 | Abyss:1  | Reached XP level 1. HP: 18/18 MP: 2/2
    68 | Abyss:1  | Noticed a small abomination
    74 | Abyss:1  | Noticed a bone dragon
    84 | Abyss:1  | Noticed a hell hog
   102 | Abyss:1  | Noticed a bone dragon
   116 | Abyss:1  | Noticed a tentacled starspawn
   122 | D:1      | Escaped the Abyss
   275 | D:1      | Reached skill level 1 in Dodging
   280 | D:1      | Reached * piety under Lugonu
   538 | D:1      | Reached skill level 1 in Stealth
   545 | D:1      | Reached XP level 2. HP: 21/24 MP: 3/3
  1270 | D:1      | Reached XP level 3. HP: 30/30 MP: 4/4
  1669 | D:2      | Reached XP level 4. HP: 37/37 MP: 5/5
  1785 | D:2      | Noticed Terence
  1798 | D:2      | Killed Terence
  2009 | D:2      | Reached XP level 5. HP: 43/43 MP: 6/6
  2150 | D:2      | Reached ** piety under Lugonu
  2990 | D:3      | Found an ornate altar of the Wu Jian Council.
  2994 | D:3      | Found a sparkling altar of Nemelex Xobeh.
  3134 | D:4      | Noticed a phantom
  3154 | D:4      | Killed a phantom
  3155 | D:4      | Reached skill level 5 in Fighting
  3155 | D:4      | Reached XP level 6. HP: 38/51 MP: 7/7
  3160 | D:4      | Noticed an ogre
  3190 | D:4      | Killed an ogre
  3191 | D:4      | Reached skill level 5 in Stealth
  3313 | D:4      | Found a glowing drain.
  3333 | Sewer    | Entered a sewer
  3496 | Sewer    | Reached *** piety under Lugonu
  3519 | Sewer    | Reached XP level 7. HP: 53/56 MP: 8/8
  4197 | D:4      | Found a burning altar of Makhleb.
  4231 | D:4      | Reached **** piety under Lugonu
  4398 | D:5      | Entered Level 5 of the Dungeon
  4529 | D:5      | You fall into a shaft and drop 2 floors!
  4548 | D:5      | Reached XP level 8. HP: 65/65 MP: 9/9
  4607 | D:5      | Found a stormy altar of Qazlal.
  6545 | D:6      | Reached XP level 9. HP: 72/72 MP: 12/12
  6794 | D:6      | Reached skill level 1 in Crossbows
  7314 | D:6      | Reached skill level 5 in Armour
  7314 | D:6      | Reached skill level 1 in Shields
  7505 | D:6      | Found a staircase to the Ecumenical Temple.
  7521 | D:7      | Found a transporter.
  7530 | D:7      | Found a transporter.
  7532 | D:7      | Noticed Gnirx's ghost (novice GrEE)
  8116 | D:7      | Noticed an unseen horror
  8117 | D:7      | Noticed an efreet
  8185 | D:7      | Killed an unseen horror
  8186 | D:7      | Reached skill level 5 in Invocations
  8340 | D:7      | Banished an efreet
  8341 | D:7      | Reached skill level 5 in Crossbows
  8341 | D:7      | Reached XP level 10. HP: 17/81 MP: 4/13
  8653 | D:7      | Noticed an unseen horror
  8698 | D:7      | Killed an unseen horror
  9281 | D:8      | Noticed Grum
  9291 | D:8      | Killed Grum
  9790 | D:8      | You fall into a shaft and drop 1 floor!
  9821 | D:9      | HP: 4/83 [orc warrior/+0 trident (16)]
 10071 | D:9      | Found a flagged portal.
 10186 | Bailey   | Entered a bailey
 10491 | Bailey   | Noticed an orc knight
 10881 | Bailey   | Killed an orc knight
 11637 | D:8      | Found a transporter.
 11829 | D:8      | Found a transporter.
 11834 | D:8      | Noticed admiralandromeda's ghost (novice TeAE)
 12014 | D:8      | Reached XP level 11. HP: 73/89 MP: 16/16
 12824 | D:9      | Reached ***** piety under Lugonu
 12935 | D:9      | Noticed a two-headed ogre
 13014 | D:8      | Killed a two-headed ogre
 13319 | D:9      | Found a sacrificial altar of Ru.
 13440 | D:9      | Reached skill level 10 in Fighting
 14131 | D:10     | Entered Level 10 of the Dungeon
 14158 | D:10     | Noticed a two-headed ogre
 14164 | D:10     | Killed a two-headed ogre
 14328 | D:10     | Noticed a death yak
 14329 | D:10     | Noticed a death yak
 14414 | D:10     | Noticed an orange crystal statue
 14430 | D:10     | Noticed Snorg
 14443 | D:10     | Killed Snorg
 14983 | D:10     | Found a staircase to the Lair.
 14997 | D:10     | Noticed a death yak
 15273 | D:10     | Noticed a death yak
 15370 | D:10     | Noticed a death yak
 15371 | D:10     | Noticed a death yak
 15377 | D:10     | Noticed a death yak
 15584 | D:10     | Reached XP level 12. HP: 83/95 MP: 18/18
 15842 | D:11     | Reached skill level 10 in Crossbows
 15907 | D:11     | Noticed a two-headed ogre
 15914 | D:11     | Killed a two-headed ogre
 16107 | D:11     | Noticed a boulder beetle
 16243 | D:11     | Noticed a two-headed ogre
 16276 | D:11     | Killed a two-headed ogre
 16716 | D:9      | Killed a death yak
 17317 | D:11     | Noticed a centaur warrior
 17335 | D:11     | Killed a centaur warrior
 17404 | D:11     | Reached skill level 5 in Shields
 17708 | D:11     | Noticed a two-headed ogre
 17819 | D:11     | Noticed Maurice
 17906 | D:11     | Killed a two-headed ogre
 17974 | D:11     | Noticed a boulder beetle
 17983 | D:11     | Banished a boulder beetle
 17994 | D:11     | Reached XP level 13. HP: 106/106 MP: 16/20
 18131 | D:11     | Reached skill level 5 in Dodging
 18131 | D:11     | Reached skill level 10 in Invocations
 18404 | D:11     | Killed Maurice
 18674 | D:12     | Noticed a boulder beetle
 18776 | D:12     | Banished a boulder beetle
 18852 | D:12     | Found a staircase to the Orcish Mines.
 19299 | D:12     | Identified a scroll of acquirement
 19299 | D:12     | Acquired the +7 triple crossbow of Wu Jian's Castigation
                  | {elec, Int+4}
 19581 | D:9      | Reached ****** piety under Lugonu
 19973 | D:9      | Reached skill level 10 in Stealth
 20616 | D:10     | Banished a boulder beetle
 20773 | D:13     | Noticed a catoblepas
 20791 | D:13     | Killed a catoblepas
 21473 | Lair:1   | Entered Level 1 of the Lair of Beasts
 21504 | Lair:1   | Noticed a five-headed hydra
 21507 | Lair:1   | Killed a five-headed hydra
 21588 | Lair:1   | Got a heavily runed leather armour
 21590 | Lair:1   | Noticed Harold
 21592 | Lair:1   | Reached XP level 14. HP: 115/115 MP: 21/21
 21598 | Lair:1   | Killed Harold
 21620 | Lair:1   | Identified the +1 leather armour of Magic {Rampage Dex+4}
                  | (You found it on level 1 of the Lair of Beasts)
 21857 | Lair:1   | Found a shadowy altar of Dithmenos.
 22725 | Lair:2   | Found a frozen archway.
 22755 | Lair:2   | Found a hole to the Spider Nest.
 22788 | IceCv    | Entered an ice cave
 23070 | IceCv    | Noticed a frost giant
 23141 | IceCv    | Killed a frost giant
 23945 | Lair:2   | Found a glowing golden altar of the Shining One.
 24892 | Lair:3   | Reached XP level 15. HP: 70/123 MP: 22/22
 25939 | Lair:4   | You fall into a shaft and drop 1 floor!
 25939 | Lair:5   | Found a staircase to the Slime Pits.
 25939 | Lair:5   | Found a viscous altar of Jiyva.
 26480 | Lair:4   | Found a staircase to the Shoals.
 26906 | Lair:5   | Noticed Sonja
 26910 | Lair:5   | Killed Sonja
 27051 | Lair:6   | Entered Level 6 of the Lair of Beasts
 27096 | Lair:5   | Reached skill level 10 in Shields
 27927 | Lair:6   | Noticed Josephine
 27946 | Lair:6   | Killed Josephine
 28522 | D:7      | Killed Gnirx's ghost
 28654 | D:8      | Killed admiralandromeda's ghost
 29252 | Lair:6   | Reached XP level 16. HP: 132/133 MP: 23/23
 29510 | Lair:6   | Reached skill level 15 in Crossbows
 29579 | Lair:5   | Got a shimmering robe
 29581 | Lair:5   | Identified the +3 robe of Haguteco {rPois rN+} (You found
                  | it on level 5 of the Lair of Beasts)
 30279 | Lair:6   | Got a heavily runed lapis lazuli ring
 31154 | Orc:1    | Entered Level 1 of the Orcish Mines
 31864 | Orc:2    | Entered Level 2 of the Orcish Mines
 32535 | Orc:2    | Reached skill level 1 in Staves
 32699 | Orc:2    | Found a roughly hewn altar of Beogh.
 33009 | Orc:2    | Found Otsyitos's Antique Weapon Boutique.
 33075 | Orc:2    | Found Luaf's Antique Armour Boutique.
 33080 | Orc:2    | Found Gutsi's Book Boutique.
 33110 | Orc:2    | Found Eklunasu's General Store.
 33132 | Orc:2    | Bought a scroll of enchant armour for 90 gold pieces
 33132 | Orc:2    | Bought a scroll of summoning for 114 gold pieces
 33132 | Orc:2    | Bought a scroll of identify for 24 gold pieces
 33132 | Orc:2    | Identified the ring of Koaj Qaor {rPois rCorr Str+5 Int-3
                  | Stlth-} (You found it on level 6 of the Lair of Beasts)
 33181 | Orc:2    | Bought a jewelled scale mail for 252 gold pieces
 33181 | Orc:2    | Bought a pair of faintly humming boots for 266 gold pieces
 33197 | Orc:2    | Noticed Azrael
 33266 | Abyss:1  | Found a stormy altar of Qazlal.
 33267 | Abyss:1  | Noticed a bone dragon
 33287 | Orc:2    | Escaped the Abyss
 33498 | Orc:2    | Killed Azrael
 33734 | Orc:2    | Found a staircase to the Elven Halls.
 33836 | Elf:1    | Entered Level 1 of the Elven Halls
 34227 | D:14     | Identified the +2 scale mail of Sin {rPois} (You bought it
                  | in a shop on level 2 of the Orcish Mines)
 34229 | D:14     | Identified the cursed +0 pair of boots "Ocinlog" {Rampage
                  | rN++ Int-4} (You bought it in a shop on level 2 of the
                  | Orcish Mines)
 34472 | D:14     | Reached skill level 5 in Staves
 34648 | D:14     | Reached XP level 17. HP: 140/140 MP: 24/24
 34976 | D:14     | Found a gate to the Vaults.
 35007 | D:14     | Reached skill level 15 in Fighting
 35050 | D:15     | Entered Level 15 of the Dungeon
 35121 | D:15     | Noticed Uvinaotu's ghost (journeyman MiFi)
 35324 | D:15     | Found a runed translucent gate.
 35324 | D:15     | Found a runed translucent gate.
 35324 | D:15     | Found a runed translucent gate.
 35526 | D:15     | Found the +8 Wrath of Trog {antimagic, *Rage}
 35538 | D:15     | Slain by a spriggan berserker

Illustrated notes

Levels and vault maps discovered:
D:1:      minmay_arrival_loop, layout_basic, chequers_serial_rivers_micro_c,
          roderic_st_hans_cross
D:2:      layout_loops_ring, uniq_terence
D:3:      layout_rooms, nicolae_overflow_hidden_temple
D:4:      layout_cave_pools, general_overflow_altar, portal_sewer_entry_f,
          chequers_avenue
D:5:      layout_cave_pods, grunt_qazlal_sundering
D:6:      layout_basic, temple_doors_ab
D:7:      minmay_klotski, layout_gridville, gammafunk_ghost_stat_death
D:8:      layout_basic, gammafunk_ghost_stat_death, uniq_grum
D:9:      layout_gridville, nicolae_ru_sacrificial_ziggurat, enter_bailey_2,
          hangedman_minor_gate_pass
D:10:     layout_basic, dpeg_lair_monsters, minmay_statue_bubble, uniq_snorg
D:11:     kennysheep_spiral_hall, layout_loops_ring, minivault_28, uniq_maurice
D:12:     layout_roguey, zombieorc2_lemuel
D:13:     layout_cave_pools
D:14:     layout_rooms, hangedman_vaults_entry_quadrant_bands,
          hangedman_decor_growths
D:15:     hangedman_depths_entry_civil_slaughter, layout_layer_cave,
          maelrawn_ghost_gauntlet_escape, minmay_misc_feat_more_columns,
          minmay_guarded_unrand_wrath_of_trog
Lair:1:   layout_gridlike, minivault_26, lemuel_oklob_altar, grunt_megastairs_2,
          uniq_harold
Lair:2:   layout_loops_ring, nicolae_spider_entry_non_spiders,
          portal_ice_cave_entry_pillars_1, enter_volcano_2, basic_altar,
          serial_bayou_shore_a
Lair:3:   layout_hall_layers
Lair:4:   layout_hall_layers, minmay_shoals_entry_lonely_mermaid,
          serial_bayou_pond_c, lemuel_fruit_tree
Lair:5:   layout_roguey, slime_altar_1, uniq_sonja
Lair:6:   minmay_lair_end_frog_pond, layout_loops_ring,
          bobbens_dragon_lair_wall, uniq_josephine
Orc:1:    layout_caves
Orc:2:    grunt_orc_cross, layout_caves, special_room, uniq_azrael
Elf:1:    layout_rooms, orc_legates, roderic_lattice_octagonal_star,
          minmay_shop_grove, uniq_agnes

Skill      XL: |  1  2  3  4  5  6  7  8  9 10 11 12 13 14 15 16 17 |
---------------+----------------------------------------------------+-----
Dodging        | 1 2 3 4 5 |  5.0
Stealth        | 1 2 3 4 5 6 8 10 12 13 | 13.0
Fighting       | 4 5 6 7 8 9 10 11 12 13 14 15 | 15.1
Armour         | 3 4 5 6 7 8 |  8.0
Invocations    | 4 5 7 9 10 | 10.3
Crossbows      | 5 7 9 11 12 14 15 | 15.2
Shields        | 2 3 5 6 7 11 13 14 | 14.3
Staves         | 5 6 |  6.1
Axes           | |  2.0

Action                   |  1- 3 |  4- 6 |  7- 9 | 10-12 | 13-15 | 16-18 || total
-------------------------+-------+-------+-------+-------+-------+-------++-------
Melee: Hand axe          |    16 |       |       |       |       |       ||    16
       Spear             |    53 |   199 |   290 |   335 |       |       ||   877
       Morningstar       |       |       |       |   199 |   947 |   788 ||  1934
       Arbalest          |       |       |       |       |     1 |       ||     1
 Fire: Hand crossbow     |       |       |    48 |   465 |    26 |       ||   539
       Arbalest          |       |       |       |       |   254 |       ||   254
       Triple crossbow   |       |       |       |       |   217 |   164 ||   381
Throw: Dart              |       |     3 |       |       |     9 |     4 ||    16
       Boomerang         |       |       |       |    39 |       |       ||    39
Invok: Depart the Abyss  |     1 |       |       |       |       |     1 ||     2
       Bend Space        |       |       |     2 |    11 |       |     4 ||    17
       Banish            |       |       |     2 |     3 |     3 |     5 ||    13
       Enter the Abyss   |       |       |       |       |       |     1 ||     1
 Abil: Dig               |       |       |     1 |     5 |     8 |     3 ||    17
  Use: Scroll            |     3 |     2 |       |    13 |    20 |     6 ||    44
       Potion            |       |       |       |       |       |     8 ||     8
 Stab: Sleeping          |       |     2 |     7 |     6 |    15 |     2 ||    32
       Distracted        |       |       |       |       |       |     5 ||     5
Armor: Leather armour    |     4 |       |       |       |       |       ||     4
       Ring mail         |     2 |    16 |       |       |       |       ||    18
       Scale mail        |       |    35 |    94 |    74 |       |       ||   203
       Troll leather arm |       |       |       |    72 |   644 |   195 ||   911
Dodge: Dodged            |    37 |   121 |   291 |   504 |  1604 |   484 ||  3041
Block: Buckler           |       |       |    12 |   143 |   345 |       ||   500
       Tower shield      |       |       |       |       |   651 |  1096 ||  1747
